 Dungeon Crawl Stone Soup version 0.27-a0-836-gfc908b8576 (webtiles) character file.

Game seed: 2911434783814601580

112 dickylongcocking the Magician (level 4, -5/34 HPs)
             Began as a Djinni Ice Elementalist on Mar 31, 2021.
             Splashed by Ijyb's acid (11 damage)
             ... on level 3 of the Dungeon.
             The game lasted 00:02:10 (3197 turns).

dickylongcocking the Magician (DjIE)                Turns: 3197, Time: 00:02:10

Health: -5/34      AC: -1    Str:  7    XL:     4   Next: 93%
Gold:   4          EV: 12    Int: 18    God:
                   SH:  4    Dex: 15

rFire    + + .     SeeInvis .   (no weapon)
rCold    x . .     Faith    .   (no shield)
rNeg     . . .     Spirit   .   a - +0 robe
rPois    ∞         Reflect  .   (no helmet)
rElec    .         Harm     .   (no cloak)
rCorr    .         Rampage  .   b - +0 pair of gloves
Will     .....                  (boots unavailable)
Stlth    ++........             (no amulet)
HPRegen  0.11/turn              (no ring)
MPRegen  0.00/turn              (no ring)

@: corroded, flying
A: fire resistance 2, cold vulnerability 1, float, innate caster, hp casting,
extra vitality 1, large bone plates 1, agile 1
a: no special abilities


You were on level 3 of the Dungeon.
You visited 1 branch of the dungeon, and saw 3 of its levels.

You collected 109 gold pieces.
You spent 105 gold pieces at shops.

Inventory:

Armour
 a - a +0 robe (worn)
 b - a +0 pair of gloves (worn)
Scrolls
 c - a scroll of enchant armour {unknown}
 f - 2 scrolls of magic mapping {unknown}
 g - a scroll of amnesia {unknown}
 i - a scroll of teleportation
 j - a scroll of immolation {unknown}
 l - a scroll of blinking
Potions
 h - a potion of curing
 k - a potion of lignification


   Skills:
 * Level 2.8 Fighting
 - Level 2.1 Dodging
 - Level 1.5 Stealth
 * Level 4.5 Spellcasting


You couldn't memorise any spells.
You knew the following spells:

 Your Spells              Type           Power      Damage    Failure   Level
a - Freeze                Ice            80%        1d9       2%          1
b - Foxfire               Conj/Fire      80%        2x1d8     2%          1
c - Ozocubu's Armour      Ice            20%        N/A       6%          3
d - Hailstorm             Conj/Ice       20%        3d6       22%         4
e - Summon Ice Beast      Ice/Summ       20%        N/A       22%         4
f - Frozen Ramparts       Ice            40%        1d6       6%          3
Your spell library was empty.

Dungeon Overview and Level Annotations

Branches:
Dungeon (3/15)

Altars:
Gozag
Trog

Shops:
D:3 **

Annotations:
D:3 Ijyb


Innate Abilities, Weirdness & Mutations

You are immune to poison.
Your flesh is very heat resistant. (rF++)
You are vulnerable to cold. (rC-)
You float through the air rather than walking.
You learn spells naturally, not from books.
Your magical power is your life essence.
You have superior vitality. (+4 HP)
You are partially covered in large bone plates. (SH +4)
You are agile. (Dex +2)


Message History

Key pressed, stopping explore.
No target in view!
Key pressed, stopping explore.
No target in view!
Found Imeif's General Store.
No target in view!
There is an entrance to Imeif's General Store here.
Unknown command.
You can access your shopping list by pressing '$'.
Unknown command.
l - a scroll of blinking Thank you for shopping at Imeif's General Store!
Okay, then.
As you read the scroll labelled ALEISO VOZIW, it crumbles to dust.
It is a scroll of identify.
d - a potion of degeneration
As you read the scroll of identify, it crumbles to dust.
k - a potion of lignification
As you read the scroll of identify, it crumbles to dust.
i - a scroll of teleportation
Okay, then.
Drop what? 11/52 slots (_ for help) (? for menu, Esc to quit)
Okay, then.
Drop what? 11/52 slots (_ for help) (? for menu, Esc to quit)
You drop a potion of degeneration.
You hear a splash.
Ijyb the Twisted Goblin comes into view.
She is wielding a +0 dagger and carrying a wand of acid (9).
Ijyb is nearby!
Ijyb shouts!
Ijyb is nearby!
Ijyb is nearby!
Ijyb zaps a wand.
The bolt of acid hits you! The acid corrodes you!
You are splashed with acid!
* * * LOW HITPOINT WARNING * * *
Found two maces.
Found Abluelec's Assorted Antiques.
Unknown command.
You feel better.
Ijyb zaps a wand.
The bolt of acid hits you!
* * * LOW HITPOINT WARNING * * *
You are splashed with acid!
You die...

#≈≈≈≈≈.# #.
#≈≈∩...# #∩
#≈≈≈≈≈## #
.# #.
##≈≈≈## #
#.# #.
#.### # #.#
#. #.# #
#.#
####.###.#
# #.#
##....#.#.#
######.#
#....g@...#
.......#
#....###..#
...>...#
#..) #?##
###.##.#
♣.) ### #
#.##.# ♣♣ #
#.##.# #
#....# #
#.#### #
#.####


You could see Ijyb.

Vanquished Creatures
  Natasha (D:3)
  Robin (D:3)
  3 adders
  2 dart slugs
  6 endoplasms
  A giant cockroach (D:1)
  10 goblins
  6 hobgoblins
  4 jackals (D:1)
  A quokka (D:1)
  2 ball pythons
  3 bats
  2 frilled lizards
  A kobold (D:2)
  4 rats
47 creatures vanquished.

Vanquished Creatures (others)
  A fungus (D:3)
1 creature vanquished.

Grand Total: 48 creatures vanquished

Notes
Turn   | Place    | Note
-------+----------+-------------------------------------------
     0 | D:1      | dickylongcocking the Djinni Ice Elementalist began the
                  | quest for the Orb.
     0 | D:1      | Reached XP level 1. HP: 15/15 MP: 0/0
   312 | D:1      | Reached XP level 2. HP: 15/22 MP: 0/0
   453 | D:1      | Reached skill level 1 in Fighting
  1012 | D:1      | Reached skill level 4 in Spellcasting
  1247 | D:1      | Reached XP level 3. HP: 25/27 MP: 0/0
  1247 | D:1      | Learned a level 1 spell: Foxfire
  1749 | D:2      | Found a bloodstained altar of Trog.
  1815 | D:2      | Gained mutation: You are agile. (Dex +2) [potion of
                  | mutation]
  1815 | D:2      | Gained mutation: You are partially covered in large bone
                  | plates. (SH +4) [potion of mutation]
  2304 | D:2      | Found a faded altar of an unknown god.
  2532 | D:3      | Found an opulent altar of Gozag.
  2669 | D:3      | Noticed Natasha
  2676 | D:3      | Killed Natasha
  2677 | D:3      | Reached XP level 4. HP: 2/34 MP: 0/0
  3005 | D:3      | Noticed Robin
  3010 | D:3      | Killed Robin
  3174 | D:3      | Found Imeif's General Store.
  3182 | D:3      | Bought a scroll of blinking for 105 gold pieces
  3193 | D:3      | Noticed Ijyb
  3196 | D:3      | Found Abluelec's Assorted Antiques.
  3197 | D:3      | Splashed by Ijyb's acid

Illustrated notes

Levels and vault maps discovered:
D:1:      amcnicky_arrival_gap_in_the_tavern_cellar, layout_loops_cross,
          minmay_tromino_v7
D:2:      layout_basic, chequers_ecumenical_altar_island,
          kennysheep_nondescript, trog_three_pillars_becter
D:3:      layout_loops_ring, grunt_gozag_breadcrumbs, serial_shops, shop,
          nicolae_shop_waterfront, shop, nicolae_shop_waterfront, minivault_26,
          minmay_quantized, uniq_robin, uniq_crazy_yiuf_cottage, uniq_natasha,
          uniq_ijyb

Skill      XL: |  1  2  3 |
---------------+----------+-----
Fighting       | 1 2 |  2.8
Spellcasting   | 4 |  4.5
Dodging        | |  2.1
Stealth        | |  1.5

Action                   |  1- 3 |  4- 6 || total
-------------------------+-------+-------++-------
Melee: Unarmed           |    17 |     7 ||    24
 Cast: Freeze            |    53 |     2 ||    55
       Frozen Ramparts   |     2 |     3 ||     5
  Use: Potion            |     2 |     1 ||     3
       Scroll            |       |     3 ||     3
Armor: Robe              |    22 |     2 ||    24
Dodge: Dodged            |    43 |     5 ||    48
Block: Other             |     2 |       ||     2

Table legend: (Time is in decaauts)
 A = Elapsed time spent in this place.
 B = Non-inter-level travel time spent in this place.
 C = Inter-level travel time spent in this place.
 D = Time resting spent in this place.
 E = Time spent auto-exploring this place.
 F = Levels seen in this place.
 G = Mean time per level.
                   A        B        C        D        E       F      G
               +--------+--------+--------+--------+--------+-----+--------+
         Total |   3196 |   3154 |     42 |    660 |   2220 |   3 | 1065.3 |
       Dungeon |   3196 |   3154 |     42 |    660 |   2220 |   3 | 1065.3 |
               +--------+--------+--------+--------+--------+-----+--------+

Top non-repeatable levels by time:
     D:1: 1334 daAuts
     D:2: 1090 daAuts
     D:3: 771 daAuts
